 Dungeon Crawl Stone Soup version 0.23-a0-175-g97aacdb (webtiles) character file.

342 yoda5477 the Sneak (level 6, -19/28 HPs)
             Began as a Spriggan Enchanter on Sept 16, 2018.
             Was an Initiate of Dithmenos.
             Demolished by an ogre
             ... wielding a +0 giant club
              (28 damage)
             ... on level 6 of the Dungeon.
             The game lasted 00:33:09 (5028 turns).

yoda5477 the Sneak (Spriggan Enchanter)             Turns: 5028, Time: 00:33:14

Health: -19/28     AC:  5    Str:  4    XL:     6   Next: 30%
Magic:  10/13      EV: 21    Int: 17    God:    Dithmenos [......]
Gold:   141        SH:  0    Dex: 18    Spells: 7/13 levels left

rFire    . . .     SeeInvis +   t - +1 dagger (elec)
rCold    . . .     Gourm    .   (shield restricted)
rNeg     + . .     Faith    .   b - +0 robe
rPois    .         Spirit   .   (helmet restricted)
rElec    .         Reflect  .   h - +2 cloak
rCorr    .         Harm     .   (gloves unavailable)
MR       +....                  (boots unavailable)
Stlth    ++++......             (no amulet)
HPRegen  0.09/turn              m - ring of positive energy
MPRegen  0.13/turn              (no ring)

@: very quick
A: very small, unfitting armour, see invisible, herbivore, speed 3, slow
metabolism 2
a: Renounce Religion


You were on level 6 of the Dungeon.
You worshipped Dithmenos.
Dithmenos was noncommittal.
You were not hungry.

You visited 2 branches of the dungeon, and saw 6 of its levels.

You collected 141 gold pieces.

Inventory:

Hand Weapons
 a - a +1 dagger
 c - a +2 whip of venom
 f - a +0 hunting sling
 p - a cursed -1 whip
 t - a +1 dagger of electrocution (weapon)
 v - a +1 dagger of draining
Missiles
 j - 167 stones (quivered)
 k - 15 sling bullets
Armour
 b - a +0 robe (worn)
 h - a +2 cloak (worn)
Jewellery
 m - a ring of positive energy (left hand)
Scrolls
 g - 2 scrolls of enchant weapon {unknown}
 l - a scroll of blinking {unknown}
 n - a scroll of remove curse {unknown}
 o - a scroll of fog {unknown}
 q - a scroll of immolation
 s - a scroll of identify
 u - a scroll of fear {unknown}
Potions
 e - 3 potions of ambrosia {unknown}
 i - a potion of flight {unknown}
 r - 2 potions of heal wounds {unknown}
 w - a potion of degeneration {unknown}
Comestibles
 d - 4 rations


   Skills:
 + Level 2.0 Short Blades
 * Level 5.2 Dodging
 + Level 6.6 Stealth
 + Level 4.1 Spellcasting
 + Level 5.1 Hexes
 - Level 1.0 Ice Magic


You had 7 spell levels left.
You knew the following spells:

 Your Spells              Type           Power        Failure   Level  Hunger
a - Corona                Hex            ###....      1%          1    None
b - Ensorcelled Hibernat  Hex/Ice        ##....       7%          2    ##.....
c - Tukima's Dance        Hex            ###.....     5%          3    ###....

Your spell library contained the following spells:

 Spells                   Type           Power        Failure   Level  Hunger
 Confuse                  Hex            ###.....     5%          3    ###....
 Dazzling Spray           Conj/Hex       ##....       16%         3    ###....


Dungeon Overview and Level Annotations

Branches:
Dungeon (4/15)             Temple (1/1) D:4

Altars:
Dithmenos
Vehumet


Innate Abilities, Weirdness & Mutations

You are very small and have problems with some larger weapons.
You are too small for most types of armour.
You have supernaturally acute eyesight. (SInv)
You are a herbivore.
You cover ground extremely quickly.
You need to consume almost no food.


Message History

The orc wizard hits you but does no damage.
You're too confused to move!
The orc wizard casts a spell at you. The puff of flame hits you!
You bump into the stone wall.
The orc wizard gestures at you while chanting.
The magic dart hits you! The ogre barely misses you.
You bump into the stone wall.
You feel less confused.
The orc wizard gestures at you while chanting.
The puff of flame hits you!
The orc wizard points at you and mumbles some strange words.
The puff of flame hits you!
You hit the orc wizard but do no damage.
Lightning courses through the orc wizard!
You kill the orc wizard!
Dithmenos accepts your kill. The ogre hits you with a giant club!!
Ouch! That really hurt!
You die...

###.### ..###
##..O..## .O.
#..⌠.⌠..##
###
#....⌠....##
#....⌠.⌠....#
#...........#
##+###+###'##
#O).# #@_.#
#####


You could see an ogre.

Vanquished Creatures
  2 hounds (D:4)
  2 orc wizards
  2 centaur skeletons
  An iguana (D:4)
  3 adders
  2 worms (D:2)
  3 dart slugs
  A leopard gecko (D:1)
  15 orcs
  3 bats
  5 giant cockroaches
  10 goblins
  4 hobgoblins
  8 jackals (D:3)
  5 quokkas
  A ball python (D:3)
  3 frilled lizards
  6 kobolds
  7 rats
83 creatures vanquished.

Vanquished Creatures (others)
  A dancing weapon (D:4)
1 creature vanquished.

Grand Total: 84 creatures vanquished

Notes
Turn   | Place    | Note
-------+----------+-------------------------------------------
     0 | D:1      | yoda5477 the Spriggan Enchanter began the quest for the
                  | Orb.
     0 | D:1      | Reached XP level 1. HP: 9/9 MP: 5/5
   372 | D:1      | Reached XP level 2. HP: 8/13 MP: 2/6
   486 | D:1      | Learned a level 2 spell: Ensorcelled Hibernation
  1111 | D:2      | Reached XP level 3. HP: 8/16 MP: 4/8
  1458 | D:2      | Reached skill level 5 in Stealth
  2186 | D:2      | You fall through a shaft!
  2417 | D:3      | Reached XP level 4. HP: 21/21 MP: 6/9
  4459 | D:4      | Reached XP level 5. HP: 24/24 MP: 11/11
  4470 | D:3      | Learned a level 3 spell: Tukima's Dance
  4508 | D:4      | Reached skill level 6 in Stealth
  4508 | D:4      | Reached skill level 1 in Ice Magic
  4752 | D:4      | Found a staircase to the Ecumenical Temple.
  4759 | D:4      | Reached skill level 5 in Dodging
  4759 | D:4      | Reached skill level 5 in Hexes
  4786 | D:4      | Reached XP level 6. HP: 28/28 MP: 8/13
  4914 | Temple   | Entered the Ecumenical Temple
  4923 | Temple   | Became a worshipper of Dithmenos the Shadowed
  4993 | D:4      | You fall through a shaft for 2 floors!
  5015 | D:6      | Found a radiant altar of Vehumet.
  5028 | D:6      | Demolished by an ogre

Vault maps used:
D:1:      dpeg_arrival_refuge, hex_intersection
D:2:      first_ration
D:4:      temple_statues
D:6:      palyth_temple_overflow_mages, nemelex_xobeh_ov_fountains_minmay,
          okawaru_trees_1, uniq_eustachio
Temple:   jpeg_temple_clearing

Skill      XL: |  1  2  3  4  5 |
---------------+----------------+-----
Hexes          | 4 5 |  5.1
Spellcasting   | 3 4 |  4.1
Stealth        | 5 6 |  6.6
Dodging        | 4 5 |  5.2
Ice Magic      | 1 |  1.0
Short Blades   | 2 |  2.0

Action                   |  1- 3 |  4- 6 || total
-------------------------+-------+-------++-------
Melee: Dagger            |    87 |    91 ||   178
 Cast: Corona            |    12 |     1 ||    13
       Ensorcelled Hiber |    33 |    45 ||    78
       Tukima's Dance    |       |     2 ||     2
  Use: Scroll            |       |     5 ||     5
 Stab: Sleeping          |    27 |    28 ||    55
       Distracted        |     1 |     1 ||     2
  Eat: Ration            |     1 |     2 ||     3
Armor: Robe              |     2 |     7 ||     9
Dodge: Dodged            |    53 |    65 ||   118

Table legend:
 A = Non-vault XP
 B = Vault XP
 C = Vault XP percentage of total XP
 D = Non-vault monster count
 E = Vault monster count
 F = Vault count percentage of total count
                 A         B        C        D         E       F
            +---------+---------+-------+---------+---------+-------
      Total |     454 |      35 |   7.2 |      82 |       1 |   1.2
            +---------+---------+-------+---------+---------+-------
        D:1 |      33 |       0 |   0.0 |      18 |       0 |   0.0
        D:2 |      59 |       0 |   0.0 |      18 |       0 |   0.0
        D:3 |     100 |       0 |   0.0 |      37 |       0 |   0.0
        D:4 |     219 |       0 |   0.0 |       8 |       0 |   0.0
        D:6 |      43 |      35 |  44.9 |       1 |       1 |  50.0
            +---------+---------+-------+---------+---------+-------
